 Dungeon Crawl Stone Soup version 0.28-a0-1206-g193881aaa2 (webtiles) character file.

Game seed: 15673049856246338630

49 sanka the Cudgeller (level 3, -1/46 HPs)
             Began as a Palentonga Abyssal Knight on Dec 20, 2021.
             Was a Believer of Lugonu.
             Killed from afar by a white imp (3 damage)
             ... with a puff of frost
             ... summoned by Natasha
             ... on level 2 of the Dungeon.
             The game lasted 00:02:16 (1068 turns).

sanka the Cudgeller (Palentonga Abyssal Knight)     Turns: 1068, Time: 00:02:17

Health: -1/46      AC:  4    Str: 18    XL:     3   Next: 51%
Magic:  4/4        EV: 13    Int: 10    God:    Lugonu [**....]
Gold:   72         SH:  0    Dex: 10    Spells: 2/2 levels left

rFire   . . .      SeeInvis +   a - +0 flail
rCold   . . .      Faith    .   (no shield)
rNeg    . . .      Spirit   .   b - +0 leather armour
rPois   .          Reflect  .   (no helmet)
rElec   .          Harm     .   (no cloak)
rCorr   .          Rampage  .   (no gloves)
Will    .....                   (no barding)
Stlth   ..........              (no amulet)
HPRegen 0.15/turn               (no ring)
MPRegen 0.09/turn               d - +4 ring of evasion

@: berserking (expiring), slowed
A: large, rugged brown scales 3, see invisible, deformed body, roll 1, armoured
tail
a: Rolling Charge, Renounce Religion, Depart the Abyss, Bend Space


You were on level 2 of the Dungeon.
You worshipped Lugonu.
Lugonu was pleased with you.
You visited 1 branch of the dungeon, and saw 2 of its levels.
You visited the Abyss 1 time.

You collected 72 gold pieces.


Innate Abilities, Weirdness & Mutations

You are completely covered in rugged brown scales. (AC +3, +7% HP)
You have supernaturally acute eyesight. (SInv)
Armour fits poorly on your strangely shaped body.
You can roll at nearby foes to attack.
You have a long armoured tail.


   Skills:
 - Level 3.0 Fighting
 + Level 4.0 Maces & Flails
 - Level 1.5 Armour
 - Level 0.7 Dodging
 - Level 2.0 Invocations


You had 2 spell levels left.
You didn't know any spells.
Your spell library was empty.

Inventory:

Hand Weapons
 a - a +0 flail (weapon)
 k - a +2 dagger of venom
Armour
 b - a +0 leather armour (worn)
Jewellery
 d - a +4 ring of evasion (right hand)
Scrolls
 c - a scroll of magic mapping {unknown}
 g - 2 scrolls of holy word {unknown}
 h - a scroll of noise {unknown}
Potions
 e - a potion of flight {unknown}
 f - a potion of berserk rage {!q}
 i - 2 potions of might {unknown}
 j - a potion of curing {unknown}

Dungeon Overview and Level Annotations

Branches:
Dungeon (2/15)

Altars:
Ru

Annotations:
D:2 Natasha

. ..▒ ▒...▒▒ ▒▒▒▒▒▒▒ ▒▒▒.▒▒. ▒.▒▒
▒...▒ .......▒▒▒▒..▒ ▒▒▒...▒
...<.........▒▒ ▒.....▒▒▒▒▒▒▒▒▒▒▒
..............▒ ▒▒▒▒.▒▒▒[........
............▒.▒▒▒▒▒▒.▒▒▒.........
............▒.5▒....÷............
.............h5.#.............)..
.............▒).H................
.....▒▒'▒▒▒▒.▒..▒▒...÷.▒.........
... ...▒ ▒.▒.........▒......... .
..=▒▒▒ ▒.▒..▒......▒.........
..▒▒. ..▒▒.▒........▒▒▒▒▒▒▒▒ . ▒
▒▒▒▒.▒).......▒ ▒▒▒▒...▒▒.....▒
▒.............▒ ▒.
▒..▒▒.▒.▒..▒▒▒▒


You could see Natasha, a white imp (summoned) and a shadow imp (summoned).


Message History

Natasha hisses angrily.
Natasha is nearby!
Natasha mumbles some strange words.
The shadow imp gestures at you. Pain shoots through your body!
Natasha hisses.
Natasha stares at you and mumbles some strange words.
You feel yourself slow down.
Natasha mumbles some strange words.
Natasha casts a spell.
The white imp gestures at you. The puff of frost hits you!
* * * LOW HITPOINT WARNING * * *
You see here a quokka corpse.
The white imp gestures at you. The puff of frost hits you.
* * * LOW HITPOINT WARNING * * *
It was a potion of berserk rage.
A red film seems to cover your vision as you go berserk!
You feel yourself moving faster!
You feel mighty! The shadow imp gestures at you. Pain shoots through your body!
* * * LOW HITPOINT WARNING * * *
The shadow imp lashes its tail.
You are too berserk!
You feel a strong urge to attack something.
The white imp gestures at you. The puff of frost hits you.
You die...

Action                   || total
-------------------------++-------
Melee: Mace              ||    75
       Tailslap          ||     5
       Flail             ||    10
 Abil: Rolling Charge    ||     2
  Use: Potion            ||     1
Armor: Leather armour    ||    31
Dodge: Dodged            ||    61

Levels and vault maps discovered:
D:1:      amcnicky_arrival_gap_in_the_tavern_cellar, layout_basic,
          dreamdust_ecumenical_altar_angels_and_demons
D:2:      minmay_angry_zag, layout_basic, basic_altar, uniq_robin, uniq_natasha

Notes
Turn   | Place    | Note
-------+----------+-------------------------------------------
     0 | Abyss:1  | sanka the Palentonga Abyssal Knight began the quest for the
                  | Orb.
     0 | Abyss:1  | Reached XP level 1. HP: 19/19 MP: 2/2
    10 | Abyss:1  | Found a corrupted altar of Lugonu.
    30 | D:1      | Escaped the Abyss
   410 | D:1      | Reached XP level 2. HP: 23/25 MP: 3/3
   450 | D:1      | Reached skill level 3 in Maces & Flails
   660 | D:1      | Found a faded altar of an unknown god.
   755 | D:1      | Reached ** piety under Lugonu
   825 | D:2      | Found a sacrificial altar of Ru.
   842 | D:2      | Reached XP level 3. HP: 31/31 MP: 4/4
  1001 | D:2      | Reached skill level 4 in Maces & Flails
  1055 | D:2      | Noticed Natasha
  1066 | D:2      | HP: 2/46 [shadow imp/nerve-wracking pain[Natasha] (7)]
  1068 | D:2      | Killed from afar by a white imp

Vanquished Creatures
  A gnoll (D:2)
  A worm (D:2)
  A dart slug (D:1)
  2 ball pythons (D:1)
  4 endoplasms (D:1)
  A giant cockroach (D:2)
  5 goblins
  A hobgoblin (D:2)
  3 jackals (D:1)
  2 kobolds (D:1)
  2 quokkas
  2 bats
  6 rats
31 creatures vanquished.
